Map: Neon Violet Square LE

Players

Alim - Winner!

  • Race: Protoss Protoss
  • League: Gold
  • Spawn Location: 5:00

SamuraiFunn

  • Race: Protoss Protoss
  • League: Platinum
  • Spawn Location: 11:00

VOD

Have the link to the VOD?

Description

Time

  • Played on: Nov. 26, 2017, 12:56 p.m.
  • Length: 9:38
Show
View Real Time Build Order
Export as new Build Order

Alim Protoss - Winner!

Build Orders: 1 Gate Expand, Oracle Opening 

Get SALT Encoding   

  12  0:03  Probe  
  13  0:15  Probe  
  14  0:23  Pylon  
  14  0:27  Probe  
  15  0:41  Probe  
  16  0:43  Gateway  
  16  0:47  Assimilator  
  16  0:53  Probe  
  17  1:05  Probe  
  18  1:17  Probe  
  19  1:29  Nexus  
  19  1:42  Cybernetics Core  
  19  1:50  Probe  
  20  2:16  Assimilator  
  20  2:19  Warp Gate  
  20  2:24  Pylon  
  20  2:25  Probe  
  21  2:35  Gateway  
  21  2:36  Gateway  
  21  2:49  Probe x2  
  23  2:53  Stargate  
  23  3:02  Probe x2  
  25  3:14  Probe  
  25  3:15  Probe  
  27  3:25  Shield Battery  
  27  3:27  Shield Battery  
  27  3:31  Gateway  
  27  3:42  Shield Battery  
  27  3:45  Oracle (Chrono Boost)  
  30  3:49  Probe  
  30  3:50  Probe  
  32  4:02  Probe  
  33  4:04  Probe  
  37  4:11  Oracle (Chrono Boost)  
  37  4:35  Probe  
  37  4:36  Probe, Oracle (Chrono Boost)  
  42  4:46  Stalker x2  
  45  4:54  Probe, Pylon  
  46  5:12  Probe, Oracle  
  47  5:36  Stalker x2  
  47  5:37  Stalker  
  53  5:45  Probe  
  54  5:51  Assimilator  
  54  5:55  Assimilator  
  54  5:56  Gateway  
  54  5:57  Gateway  
  54  6:04  Fleet Beacon  
  54  6:11  Pylon  
  54  6:25  Pylon  
  54  6:29  Probe, Pylon  
  55  6:34  Stalker  
  55  6:35  Stalker x2  
  61  6:43  Pylon  
  62  6:47  Probe x2  
  62  6:53  Pylon, Tempest (Chrono Boost)  
  69  7:06  Shield Battery  
  69  7:10  Shield Battery  
  69  7:13  Adept x2  
  69  7:15  Zealot x3  
  77  7:17  Zealot  
  81  7:26  Tempest (Chrono Boost)  
  87  7:38  Adept  
  87  7:39  Adept x2  
  87  7:42  Shield Battery x2  
  93  7:45  Shield Battery  
  93  7:49  Probe  
  94  7:59  Pylon  
  94  8:10  Probe  
  93  8:20  Stalker x3  
  93  8:21  Stalker  
  101  8:32  Robotics Facility  
  82  9:13  Stalker x5  
  82  9:14  Stalker  
Show
View Real Time Build Order
Export as new Build Order

SamuraiFunn Protoss 

Build Orders:  

Get SALT Encoding   

  12  0:04  Probe  
  13  0:16  Probe  
  14  0:25  Pylon  
  14  0:28  Probe  
  15  0:43  Probe (Chrono Boost)  
  15  0:49  Gateway  
  16  0:55  Probe (Chrono Boost)  
  17  0:58  Probe  
  18  1:10  Probe, Assimilator  
  19  1:32  Probe  
  20  1:50  Gateway  
  20  1:55  Cybernetics Core  
  20  1:59  Nexus  
  20  2:00  Probe  
  21  2:02  Pylon  
  21  2:12  Probe  
  22  2:18  Assimilator  
  22  2:24  Probe  
  23  2:32  Warp Gate (Chrono Boost)  
  23  2:39  Gateway  
  23  2:52  Probe  
  23  2:56  Adept  
  23  2:58  Adept  
  28  3:04  Probe  
  29  3:12  Probe  
  30  3:13  Pylon  
  30  3:27  Probe x2  
  32  3:51  Pylon  
  32  3:56  Probe x2  
  32  3:59  Robotics Facility  
  32  4:01  Assimilator  
  34  4:08  Probe x2  
  36  4:23  Stalker x3  
  32  4:54  Stalker  
  32  4:55  Stalker x2  
  38  5:01  Probe (Chrono Boost)  
  38  5:03  Probe (Chrono Boost)  
  40  5:13  Probe (Chrono Boost)  
  42  5:15  Probe (Chrono Boost)  
  42  5:16  Probe x2 (Chrono Boost)  
  40  5:28  Stalker  
  40  5:29  Stalker x2  
  46  5:35  Probe  
  46  5:36  Probe  
  48  5:48  Probe  
  49  6:00  Gateway  
  49  6:01  Forge  
  49  6:02  Probe x2  
  51  6:13  Stalker x2  
  51  6:14  Probe x2, Stalker  
  59  6:18  Twilight Council  
  59  6:26  Probe x2  
  61  6:33  Assimilator  
  61  6:38  Probe  
  62  6:44  Pylon  
  62  6:49  Protoss Ground Weapons Level 1 (Chrono Boost)  
  62  6:51  Pylon  
  62  6:54  Pylon  
  62  7:02  Probe x2  
  64  7:14  Photon Cannon  
  64  7:15  Probe x2  
  66  7:23  Stalker  
  66  7:24  Stalker x2  
  66  7:29  Observer  
  73  7:31  Probe x2  
  75  7:50  Probe x2, Observer  
  78  8:03  Probe  
  79  8:06  Nexus  
  79  8:07  Pylon  
  79  8:10  Pylon  
  79  8:11  Observer  
  80  8:14  Pylon  
  80  8:26  Probe x2  
  82  8:36  Stalker x3  
  76  8:52  Gateway  
  76  8:53  Gateway  
  72  8:57  Gateway  
Tags
 
Add a new tag
Caveats
  • Supply blocks, unpowered buildings, or Contaminate may cause inaccurate times.
  • Supply counts are checked every 10 seconds.